 Dungeon Crawl Stone Soup version 0.19.0-2-gae57169 (webtiles) character file.

91 Woebin the Sneak (level 4, -1/29 HPs)
             Began as a Halfling Assassin on Nov 4, 2016.
             Slain by a sky beast (5 damage)
             ... on level 3 of the Dungeon.
             The game lasted 00:07:26 (2190 turns).

Woebin the Sneak (Halfling Assassin)                Turns: 2190, Time: 00:07:27

Health: -1/29      AC:  4    Str: 17    XL:     4   Next: 88%
Magic:  4/4        EV: 13    Int:  9    God:
Gold:   106        SH:  4    Dex: 16    Spells: 0 memorised, 3 levels left

rFire  . . .     SeeInvis .     a - +0 dagger (holy)
rCold  . . .     Gourm    .     c - +0 robe
rNeg   . . .     Faith    .     o - +0 buckler
rPois  .         Spirit   .     t - +0 helmet
rElec  .         Reflect  .     d - +0 cloak
rCorr  .         Harm     .     (no gloves)
MR     .....                    (no boots)
Stlth  +++.......               (no amulet)
                                (no ring)
                                (no ring)

@: mighty
A: mutation resistance 1
a: no special abilities


You were on level 3 of the Dungeon.
You were not hungry.

You visited 1 branch of the dungeon, and saw 3 of its levels.

You collected 106 gold pieces.

Inventory:

Hand Weapons
 a - a +0 dagger of holy wrath (weapon)
 b - a +0 blowgun
 m - a +3 short sword of speed
 x - a +2 dagger
Missiles
 e - 31 poisoned needles
 f - 2 curare-tipped needles
Armour
 c - a +0 robe (worn)
 d - a +0 cloak (worn)
 o - a +0 buckler (worn)
 t - a +0 helmet (worn)
Scrolls
 j - a scroll of recharging {unknown}
 k - a scroll of remove curse
 n - a scroll of teleportation {unknown}
 p - a scroll of enchant weapon {unknown}
 q - a scroll of identify {unknown}
 y - a scroll of blinking {unknown}
Potions
 l - a potion of heal wounds {unknown}
 r - a potion of agility {unknown}
 s - a potion of cancellation {unknown}
 u - a potion of lignification {unknown}
Comestibles
 g - 5 bread rations
 h - 3 meat rations
 v - 2 fruits
 z - 2 chunks of flesh


   Skills:
 + Level 1.8 Fighting
 + Level 3.1 Short Blades
 + Level 2.5 Throwing
 + Level 1.4 Dodging
 + Level 5.9 Stealth
 + Level 0.2 Shields


You had 3 spell levels left.
You didn't know any spells.

Dungeon Overview and Level Annotations

Branches:
Dungeon (3/15)

Altars:
Uskayaw


Innate Abilities, Weirdness & Mutations

You are small and have problems with some larger weapons.
You are somewhat resistant to further mutation.


Message History

y - a scroll labeled CICSED FEUCUMU
e - 31 poisoned needles (gained 16)
A sky beast comes into view.
A ball python comes into view.
Found a weird smoking staff.
The sky beast hits you. The sky beast shocks you.
You hit the sky beast but do no damage. The sky beast barely misses you.
You barely miss the sky beast. The sky beast hits you.
The sky beast shocks you.
You hit the sky beast.
The sky beast is lightly wounded.
The sky beast hits you. The sky beast shocks you.
* * * LOW HITPOINT WARNING * * *
It was a potion of curing.
You feel better. The sky beast hits you. The sky beast shocks you.
* * * LOW HITPOINT WARNING * * *
It was a potion of might.
You feel very mighty all of a sudden. The sky beast hits you.
You die...

.. #...#.###.#.#
#.###. #...#.#
#.#.#
#...#.##..##.###.#
# #
....#.....##.....#
#. #.......##.....
.#.. #.###.....#..
.....#.|.#...#.#.#
.........#...#.#.
#...Y@..........
####...........#
#.##..#...... ...
#...##.#.#. #.##
#?#..#.#.# #.
....S... . .
######### ..


You could see a sky beast and a ball python (sleeping).

Vanquished Creatures
  3 adders (D:2)
  4 worms
  9 orcs
  A giant cockroach (D:1)
  2 goblins
  5 hobgoblins
  8 kobolds
  A ball python (D:1)
  2 bats (D:2)
  6 frilled lizards
  5 rats
46 creatures vanquished.

Notes
Turn   | Place    | Note
-------+----------+-------------------------------------------
     0 | D:1      | Woebin the Halfling Assassin began the quest for the Orb.
     0 | D:1      | Reached XP level 1. HP: 14/14 MP: 1/1
   249 | D:1      | Reached XP level 2. HP: 19/19 MP: 2/2
   318 | D:1      | Reached skill level 5 in Stealth
   618 | D:2      | Reached XP level 3. HP: 24/24 MP: 3/3
  1392 | D:2      | Reached XP level 4. HP: 26/29 MP: 4/4
  1669 | D:3      | Found a hide-covered altar of Uskayaw.
  2182 | D:3      | Noticed a sky beast
  2190 | D:3      | Slain by a sky beast

Skill      XL: |  1  2  3  4 |
---------------+-------------+-----
Stealth        | 5 |  5.9
Short Blades   | 3 |  3.1
Fighting       | |  1.8
Throwing       | |  2.5
Dodging        | |  1.4
Shields        | |  0.2

Action                   |  1- 3 |  4- 6 || total
-------------------------+-------+-------++-------
Melee: Dagger            |    23 |    10 ||    33
       Short sword       |    51 |    44 ||    95
 Fire: Blowgun           |    13 |     7 ||    20
  Use: Scroll            |     2 |       ||     2
       Potion            |       |     2 ||     2
 Stab: Sleeping          |    10 |     4 ||    14
       Distracted        |     1 |       ||     1
  Eat: Chunk             |       |     4 ||     4
Armor: Robe              |     6 |     4 ||    10
Dodge: Dodged            |    18 |    27 ||    45
Block: Buckler           |     8 |     9 ||    17
